 Dungeon Crawl Stone Soup version 0.31-a0-851-g7ff8af7976 (webtiles) character file.

Game seed: 16341391578630903764

72 Heoruswealwe the Ruffian (level 3, 0/29 HPs)
             Began as a Demigod Shapeshifter on Oct 5, 2023.
             Slain by a goblin
             ... wielding a +0 trident
             ... led by Robin
              (7 damage)
             ... on level 2 of the Dungeon.
             The game lasted 00:09:12 (1329 turns).

Heoruswealwe the Ruffian (Demigod Shapeshifter)     Turns: 1329, Time: 00:09:13

Health: 0/29       AC:  2    Str: 19    XL:     3   Next: 80%
Magic:  5/5        EV: 12    Int: 12    God:
Gold:   68         SH:  0    Dex: 13    Spells: 2/2 levels left

rFire   . .          .
                       - Unarmed
rCold   . . .        (no shield)
rNeg    . . .        a - +0 animal skin
rPois   .            (helmet currently unavailable)
rElec   .            (cloak currently unavailable)
rCorr   .            (gloves currently unavailable)
SInv    .            (boots currently unavailable)
Will    .....        (no amulet)
Stlth   +            (no ring)
HPRegen 0.24/turn    (no ring)
MPRegen 0.09/turn

%: no passive effects
@: beast-form
A: beast (slay +1), high MP 1, forlorn, divine attributes
a: Begin Untransformation


You were on level 2 of the Dungeon.
You were a hulking beast.
You visited 1 branch of the dungeon, and saw 2 of its levels.

You collected 68 gold pieces.

Inventory:

Armour
 a - a +0 animal skin (worn)
Magical Staves
 n - a staff of conjuration
Talismans
 c - a beast talisman (active)
 d - a flux talisman
 h - a flux talisman
Scrolls
 f - a scroll of silence {unknown}
 g - a scroll of poison {unknown}
 i - 2 scrolls of identify {unknown}
 j - a scroll of noise {unknown}
 k - a scroll of enchant armour {unknown}
Potions
 b - a potion of lignification
 e - a potion of magic {unknown}
 l - a potion of mutation {unknown}
 m - a potion of curing {unknown}


   Skills:
 + Level 1.9 Fighting
 + Level 2.4 Dodging
 + Level 3.2 Unarmed Combat
 + Level 3.1 Shapeshifting


You had 2 spell levels left.
You didn't know any spells.
Your spell library was empty.

Dungeon Overview and Level Annotations

Branches:
Dungeon (2/15)

Annotations:
D:2 Robin


Innate Abilities, Weirdness & Mutations

You are a hulking beast.
Your limbs bulge with bestial killing power. (Slay +1)
You have an increased reservoir of magic. (+10% MP)
You shall have no god before yourself.
Your divine heritage dramatically boosts your attributes as you level up.


Message History

The worm bites you!
You punch the worm!
You kill the worm!
You barely miss the goblin. The goblin hits you with a +0 dagger.
* * * LOW HITPOINT WARNING * * *
You punch the goblin!
You kill the goblin!
Items here: ))) †††.
You start resting.
A goblin comes into view. It is wielding a +2 dagger of speed.
The goblin shouts!
You start resting.
A goblin is nearby!
You punch the goblin!
You kill the goblin!
Robin of the Strong Arm comes into view.
They are wielding a +0 spear.
Things that are here:
a +2 dagger of speed; a goblin corpse You start resting.
Robin is nearby!
You start resting.
Robin is nearby!
A hobgoblin and a goblin come into view.
The hobgoblin shouts!
The goblin shouts!
You hear a shout!
Robin closely misses you.
The hobgoblin moves out of view.
You hear a shout!
Robin attacks as they pursues you! Robin closely misses you.
Robin roars a battlecry!
Robin hits you but does no damage.
You barely miss Robin. The goblin barely misses you.
Robin throws the goblin at you!
You barely miss Robin. The goblin hits you with a +0 trident!
You hit Robin.
Robin is lightly wounded.
Robin hits you with a +0 spear.
* * * LOW HITPOINT WARNING * * *
You hit Robin.
Robin is heavily wounded.
The goblin hits you with a +0 trident!
You die...

..# #.# #.# .)..
#<# #..# #.#
#.?#######.###
###../....g..g.#
....#####.).#g#
#..# #.###h#
#.#..#####.# #g#
#..).).....# #.#
#.##.####..# #.#
#.# #..# #.#
#.####g.# #.#
... ....# #.#
#.####.####.#
#...........#


You could see Robin, a hobgoblin (strong) and a goblin (strong).

Vanquished Creatures
  An adder (D:2)
  2 worms (D:2)
  2 dart slugs (D:1)
  4 bats
  2 giant cockroaches (D:1)
  10 goblins
  4 hobgoblins
  9 jackals
  2 kobolds
  A quokka (D:2)
  A ball python (D:1)
  5 frilled lizards
  7 rats
50 creatures vanquished.

Notes
Turn   | Place    | Note
-------+----------+-------------------------------------------
     0 | D:1      | Heoruswealwe the Demigod Shapeshifter began the quest for
                  | the Orb.
     0 | D:1      | Reached XP level 1. HP: 15/15 MP: 3/3
    27 | D:1      | Reached skill level 1 in Fighting
   258 | D:1      | Reached XP level 2. HP: 17/23 MP: 4/4
   948 | D:2      | Reached XP level 3. HP: 21/28 MP: 5/5
  1283 | D:2      | Noticed Robin
  1329 | D:2      | Slain by a goblin

Illustrated notes

Levels and vault maps discovered:
D:1:      dpeg_arrival_lava_altar, layout_loops_corners,
          shapermc_ecumenical_altar_mp_vishouse
D:2:      layout_loops_ring, uniq_robin

Skill      XL: |  1  2 |
---------------+-------+-----
Fighting       | 1 |  1.9
Dodging        | 2 |  2.4
Unarmed Combat | 3 |  3.2
Shapeshifting  | 3 |  3.1

Action                     || total
---------------------------++-------
  Melee: Unarmed           ||   153
         Punch             ||     6
   Stab: Sleeping          ||     2
 Armour: Animal skin       ||    60
  Dodge: Dodged            ||    96

Table legend: (Time is in decaauts)
 A = Elapsed time spent in this place.
 B = Non-inter-level travel time spent in this place.
 C = Inter-level travel time spent in this place.
 D = Time resting spent in this place.
 E = Time spent auto-exploring this place.
 F = Levels seen in this place.
 G = Mean time per level.
                   A        B        C        D        E       F      G
               +--------+--------+--------+--------+--------+-----+--------+
         Total |   1320 |   1272 |     48 |     60 |     34 |   2 |  660.0 |
       Dungeon |   1320 |   1272 |     48 |     60 |     34 |   2 |  660.0 |
               +--------+--------+--------+--------+--------+-----+--------+

Top non-repeatable levels by time:
     D:1: 920 daAuts
     D:2: 399 daAuts
